 Dungeon Crawl Stone Soup version 0.28-a0-1524-ge72afd5fc6 (webtiles) character file.

Game seed: 11564448046960841421

2 psuckher the Sneak (level 1, -2/18 HPs)
             Began as a Barachi Delver on Jan 17, 2022.
             Slain by an adder (4 damage)
             ... on level 6 of the Dungeon.
             The game lasted 00:01:07 (106 turns).

psuckher the Sneak (Barachi Delver)                  Turns: 106, Time: 00:01:07

Health: -2/18      AC:  3    Str: 13    XL:     1   Next: 30%
Magic:  1/1        EV: 12    Int: 10    God:
Gold:   0          SH:  0    Dex: 13    Spells: 0/0 levels left

rFire   . . .      SeeInvis .   a - +0 falchion
rCold   . . .      Faith    .   (no shield)
rNeg    . . .      Spirit   .   b - +0 leather armour
rPois   .          Reflect  .   (no helmet)
rElec   .          Harm     .   (no cloak)
rCorr   .          Rampage  .   (no gloves)
Will    .....                   (no boots)
Stlth   ++........              (no amulet)
HPRegen 0.06/turn               (no ring)
MPRegen 0.07/turn               (no ring)

@: hasted, very quick
A: amphibious, slowness 1, strong legs 1, +LOS
a: Hop


You were on level 6 of the Dungeon.
You visited 1 branch of the dungeon, and saw 2 of its levels.

Inventory:

Hand Weapons
 a - a +0 falchion (weapon)
Armour
 b - a +0 leather armour (worn)
 h - a +0 chain mail
Wands
 g - a wand of digging (3)
Scrolls
 c - a scroll of fog
 d - a scroll of magic mapping
 i - a scroll of torment {unknown}


   Skills:
 + Level 3.6 Fighting
 + Level 2.4 Long Blades
 + Level 2.2 Dodging
 + Level 4.6 Stealth


You couldn't memorise any spells.
You didn't know any spells.
Your spell library was empty.

Dungeon Overview and Level Annotations

Branches:
Dungeon (6/15)
 Temple: D:4-7

Altars:

Annotations:
D:5 2 transporters, comborobin's ghost, novice GnDe


Innate Abilities, Weirdness & Mutations

You are amphibious.
You cover ground slowly.
You can hop short distances.
You have an extended range of vision and can be seen from far away.


Message History

The adder is moderately wounded.
* * * LOW HITPOINT WARNING * * *
You feel sick. The adder bites you but does no damage.
As you read the scroll of fear, it crumbles to dust.
You assume a fearsome visage.
The adder looks frightened!
The centaur looks frightened!
* * * LOW HITPOINT WARNING * * *
You feel sick.
You are no longer poisoned.
The centaur starts to cry.
Found a potion of ambrosia.
Found a bone wand.
The killer bee buzzes angrily.
You hear an angry buzzing noise.
Found 15 stones.
You feel yourself speed up.
The killer bee buzzes angrily.
You hear an angry buzzing noise.
The adder barely misses you.
A hound skeleton comes into view.
The hound skeleton moves out of view.
The killer bee buzzes angrily.
You hear an angry buzzing noise.
The adder closely misses you.
There is a stone staircase leading down here.
The adder bites you.
* * * LOW HITPOINT WARNING * * *
You climb downwards.
There is a stone staircase leading up here.
You hit the adder.
The adder is lightly wounded.
The adder bites you but does no damage.
You hit the adder but do no damage.
The adder is lightly wounded.
The adder closely misses you. x2
You barely miss the adder.
The adder is lightly wounded.
The adder bites you.
* * * LOW HITPOINT WARNING * * *
You hit the adder.
The adder is heavily wounded.
The adder bites you.
You die...

###
#..
#.#
#.#
#.#
#S#
#@#
###


You could see an adder.

Vanquished Creatures
  An orc (D:5)
1 creature vanquished.

Notes
Turn   | Place    | Note
-------+----------+-------------------------------------------
     0 | D:5      | psuckher the Barachi Delver began the quest for the Orb.
     0 | D:5      | Reached XP level 1. HP: 18/18 MP: 1/1
    15 | D:5      | Noticed a killer bee
    19 | D:5      | Noticed a killer bee
    26 | D:5      | Noticed a killer bee
    27 | D:5      | Found a transporter.
    30 | D:5      | Noticed a centaur
    33 | D:5      | Found a transporter.
    34 | D:5      | Noticed comborobin's ghost (novice GnDe)
    35 | D:5      | Noticed a killer bee
    63 | D:5      | Noticed a killer bee
    78 | D:5      | Noticed a killer bee
   106 | D:6      | Slain by an adder

Illustrated notes

Levels and vault maps discovered:
D:5:      layout_rooms, temple_doors_ab, gammafunk_ghost_hive
D:6:      minmay_razor_zed, layout_basic, lemuel_tele_altar

Action                   || total
-------------------------++-------
Melee: Falchion          ||    11
  Use: Scroll            ||     1
       Potion            ||     1
Armor: Leather armour    ||     3
Dodge: Dodged            ||     8

Table legend: (Time is in decaauts)
 A = Elapsed time spent in this place.
 B = Non-inter-level travel time spent in this place.
 C = Inter-level travel time spent in this place.
 D = Time resting spent in this place.
 E = Time spent auto-exploring this place.
 F = Levels seen in this place.
 G = Mean time per level.
                   A        B        C        D        E       F      G
               +--------+--------+--------+--------+--------+-----+--------+
         Total |    115 |    109 |      6 |      0 |      0 |   2 |   57.5 |
       Dungeon |    115 |    109 |      6 |      0 |      0 |   2 |   57.5 |
               +--------+--------+--------+--------+--------+-----+--------+

Top non-repeatable levels by time:
     D:5: 112 daAuts
     D:6: 2 daAuts
